 Dungeon Crawl Stone Soup version 0.29-a0-275-g389c0b56f3 (webtiles) character file.

Game seed: 16485871496156392589

11 Ordine the Slasher (level 2, 0/17 HPs)
             Began as a Tengu Warper on Mar 10, 2022.
             Slain by a kobold
             ... wielding a +0 dagger
              (3 damage)
             ... on level 1 of the Dungeon.
             The game lasted 00:00:43 (239 turns).

Ordine the Slasher (Tengu Warper)                    Turns: 239, Time: 00:00:44

Health: 0/17       AC:  3    Str: 11    XL:     2   Next: 25%
Magic:  6/6        EV: 11    Int: 13    God:
Gold:   0          SH:  0    Dex: 13    Spells: 5/5 levels left

rFire   . . .      SeeInvis .   a - +0 falchion
rCold   . . .      Faith    .   (no shield)
rNeg    . . .      Spirit   .   b - +0 leather armour
rPois   .          Reflect  .   (helmet restricted)
rElec   .          Harm     .   (no cloak)
rCorr   .          Rampage  .   (no gloves)
Will    .....                   (boots unavailable)
Stlth   +.........              (no amulet)
HPRegen 0.05/turn               (no ring)
MPRegen 0.10/turn               (no ring)

@: no status effects
A: beak, talons 3
a: no special abilities


You were on level 1 of the Dungeon.
You visited 1 branch of the dungeon, and saw 1 of its levels.

Inventory:

Hand Weapons
 a - a +0 falchion (weapon)
Missiles
 d - 7 boomerangs of dispersal
Armour
 b - a +0 leather armour (worn)
Scrolls
 c - a scroll of blinking


   Skills:
 + Level 2.2 Fighting
 * Level 2.7 Long Blades
 + Level 1.3 Throwing
 - Level 1.1 Armour
 - Level 2.1 Dodging
 - Level 2.0 Spellcasting
 - Level 2.4 Translocations


You had 5 spell levels left.
You didn't know any spells.
Your spell library contained the following spells:

 Spells                   Type           Power      Damage    Failure   Level
 Blink                    Tloc           14%        N/A       19%         2
 Gell's Gravitas          Tloc           7%         N/A       36%         3
 Lesser Beckoning         Tloc           7%         N/A       36%         3
 Teleport Other           Tloc           7%         N/A       36%         3
 Manifold Assault         Tloc           7%         N/A       98%         5


Dungeon Overview and Level Annotations

Branches:
Dungeon (1/15)

Altars:


Innate Abilities, Weirdness & Mutations

You have a beak for a mouth.
You have claws for feet.


Message History

The quokka bites you. The kobold hits you with a +0 club.
The kobold throws a stone.
The stone barely misses you.
You hit the quokka.
The quokka is severely wounded.
The quokka misses you. The quokka bites you.
You barely miss the quokka.
The quokka is severely wounded.
The quokka closely misses you.
You miss the quokka.
The endoplasm quivers.
Your kick misses the quokka. You peck the quokka.
You kill the quokka!
You have reached level 2!
You hit the giant cockroach but do no damage.
Your kick misses the giant cockroach. Your peck misses the giant cockroach.
The giant cockroach bites you.
* * * LOW HITPOINT WARNING * * *
You hit the giant cockroach.
You kill the giant cockroach!
You hit the kobold. Your peck misses the kobold.
The kobold is heavily wounded.
The kobold barely misses you.
You hit the kobold.
You kill the kobold!
You hit the endoplasm. You claw the endoplasm.
You kill the endoplasm!
The kobold throws a stone.
The stone barely misses you.
The kobold throws a stone.
The stone hits you but does no damage. The kobold hits you but does no damage.
Things that are here:
a +0 club; 5 stones; a giant cockroach corpse You hit the kobold but do no damage.
The kobold hits you but does no damage.
You barely miss the kobold. Your kick misses the kobold.
The kobold barely misses you.
You barely miss the kobold. The kobold hits you with a +0 dagger.
* * * LOW HITPOINT WARNING * * *
You closely miss the kobold. Your kick misses the kobold.
Your peck misses the kobold. The kobold hits you with a +0 dagger.
You die...

#......... .!......
#. ....... #...#
..#.. #...# ....
#...# #..# #...####
#).#
#......#######†.# ##
#............@K.# .#
#......########......
.###).....# #.....
...#......# ......
##.#......# #.##.#
####......# .. .
...†......# ..J
#######...#
#####...####


You could see a kobold.

Vanquished Creatures
  An endoplasm (D:1)
  A giant cockroach (D:1)
  2 goblins (D:1)
  2 quokkas (D:1)
  A ball python (D:1)
  A frilled lizard (D:1)
  A kobold (D:1)
  A rat (D:1)
10 creatures vanquished.

Notes
Turn   | Place    | Note
-------+----------+-------------------------------------------
     0 | D:1      | Ordine the Tengu Warper began the quest for the Orb.
     0 | D:1      | Reached XP level 1. HP: 12/12 MP: 4/4
   230 | D:1      | Reached XP level 2. HP: 6/17 MP: 6/6
   239 | D:1      | Slain by a kobold

Illustrated notes

Levels and vault maps discovered:
D:1:      dpeg_arrival_ratfight, layout_basic, minmay_tetromino_t4

Action                   || total
-------------------------++-------
Melee: Falchion          ||    23
       Peck              ||     2
       Kick              ||     2
Armor: Leather armour    ||     4
Dodge: Dodged            ||    15

Table legend: (Time is in decaauts)
 A = Elapsed time spent in this place.
 B = Non-inter-level travel time spent in this place.
 C = Inter-level travel time spent in this place.
 D = Time resting spent in this place.
 E = Time spent auto-exploring this place.
 F = Levels seen in this place.
 G = Mean time per level.
                   A        B        C        D        E       F      G
               +--------+--------+--------+--------+--------+-----+--------+
         Total |    242 |    242 |      0 |      0 |    203 |   1 |  242.0 |
       Dungeon |    242 |    242 |      0 |      0 |    203 |   1 |  242.0 |
               +--------+--------+--------+--------+--------+-----+--------+

Top non-repeatable levels by time:
     D:1: 242 daAuts
